 Dungeon Crawl Stone Soup version 0.23.0 (webtiles) character file.

Game seed: 7429228074399733428

2323 Tiagovsky the Fighter (level 9, -3/82 HPs)
             Began as a Minotaur Fighter on Feb 13, 2019.
             Was an Initiate of the Shining One.
             Slain by an orc warrior
             ... wielding a +0 broad axe
              (14 damage)
             ... on level 6 of the Dungeon on Feb 15, 2019.
             The game lasted 00:20:59 (6202 turns).

Tiagovsky the Fighter (Minotaur Fighter)            Turns: 6202, Time: 00:20:59

Health: -3/82      AC:  8    Str: 24    XL:     9   Next: 19%
Magic:  8/8        EV: 11    Int:  5    God:    the Shining One [......]
Gold:   363        SH: 13    Dex: 15    Spells: 8/8 levels left

rFire    . . .     SeeInvis .   w - +1 flail
rCold    . . .     Gourm    .   c - +1 shield
rNeg     . . .     Faith    .   b - +0 scale mail
rPois    .         Spirit   .   (helmet restricted)
rElec    .         Reflect  .   (no cloak)
rCorr    .         Harm     .   n - +0 pair of gloves
MR       .....                  (no boots)
Stlth    ..........             (no amulet)
HPRegen  0.23/turn              s - +5 ring of dexterity
MPRegen  0.11/turn              (no ring)

@: glowing
A: retaliatory headbutt, horns 2
a: Renounce Religion


You were on level 6 of the Dungeon.
You worshipped the Shining One.
The Shining One was noncommittal.
You were hungry.

You visited 2 branches of the dungeon, and saw 8 of its levels.

You collected 363 gold pieces.

Inventory:

Hand Weapons
 q - a +0 hunting sling
 w - a +1 flail (weapon)
Missiles
 a - 119 stones (quivered)
 i - 7 tomahawks of dispersal
 l - 61 sling bullets
 u - 6 tomahawks
Armour
 b - a +0 scale mail (worn)
 c - a +1 shield (worn)
 m - a +0 chain mail
 n - a +0 pair of gloves (worn)
Jewellery
 s - a +5 ring of dexterity (left hand)
 v - an uncursed ring of ice
Wands
 B - a wand of digging (5)
Scrolls
 g - 2 scrolls of identify
 h - a scroll of enchant armour
 t - 4 scrolls of teleportation
 y - 2 scrolls of amnesia
 A - a scroll of blinking
 C - 2 scrolls of enchant weapon
 E - 2 scrolls of magic mapping
Potions
 d - 2 potions of might
 e - 2 potions of resistance {unknown}
 j - a potion of flight {unknown}
 k - a potion of haste {unknown}
 o - a potion of heal wounds {unknown}
 p - 3 potions of curing {unknown}
 r - a potion of agility {unknown}
 x - 2 potions of mutation {unknown}
 z - a potion of brilliance {unknown}
Comestibles
 f - 11 rations


   Skills:
 + Level 8.6 Fighting
 + Level 8.1 Maces & Flails
 + Level 5.5 Armour
 + Level 3.5 Dodging
 + Level 8.5 Shields


You had 8 spell levels left.
You didn't know any spells.
Your spell library was empty.

Dungeon Overview and Level Annotations

Branches:
Dungeon (7/15)             Temple (1/1) D:6

Altars:
Ashenzari
Cheibriados
Dithmenos
Elyvilon
Gozag
Hepliaklqana
Kikubaaqudgha
Makhleb
Nemelex Xobeh
Okawaru
Qazlal
Sif Muna
Trog
Uskayaw
Vehumet
Wu Jian
Xom
Yredelemnul
The Shining One

Shops:
D:5 *

Annotations:
D:5 3 runed translucent doors, namelastname112's ghost, novice DrWn


Innate Abilities, Weirdness & Mutations

You reflexively headbutt those who attack you in melee.
You have a pair of horns on your head.


Message History

Unknown command.
You thump the ogre!
The ogre is moderately wounded.
You block the ogre's attack.
The orc warrior hits you with a +0 broad axe!
* * * LOW HITPOINT WARNING * * *
Unknown command.
You sock the ogre!
The ogre is almost dead.
You block the ogre's attack.
Unknown command.
You thump the ogre!
You kill the ogre!
You block the orc warrior's attack.
Unknown command.
You are feeling hungry.
You hit the orc warrior.
The orc warrior is lightly wounded.
The orc warrior hits you with a +0 broad axe!
You die...

....+..รท....'...#...........#....
....#..#....#...'...........'....
.#######....########..##....#....
##.................#'########....
.#.................#........#....
.#.................#........#....
.#.................#........#....
##.................##########....
#....##########[@o..#.###.......#
#....#.....#..#..)..#...#.<.....#
#....#.....#..'.....'...#.......+
#....#.....#..#.....#...#.......#
...........#..#.....#####.......#
###############..........#######.
# #..........# #. # #..........#
#. # #..........# #.


You could see an orc warrior.

Vanquished Creatures
  Pikel (D:5)
  A slave (D:5)
  An orc warrior (D:6)
  2 ice beasts (D:6)
  2 sky beasts
  2 ogres
  2 centaurs (D:6)
  A big kobold (D:5)
  4 bullfrogs (D:6)
  2 scorpions
  3 howler monkeys
  2 crimson imps (D:6)
  A centaur skeleton (D:4)
  4 hounds
  2 iguanas
  2 orc wizards
  4 worker ants
  A hound skeleton (D:4)
  8 adders
  2 oozes
  3 dart slugs
  3 leopard geckos
  11 orcs
  2 giant cockroaches (D:2)
  5 goblins
  9 hobgoblins
  4 jackals (D:6)
  2 quokkas (D:5)
  A ball python (D:6)
  5 bats
  A frilled lizard (D:2)
  A jackal skeleton (D:4)
  10 kobolds
  10 rats
114 creatures vanquished.

Vanquished Creatures (others)
  A slave (D:5)
  A centaur (D:5)
  A hound (D:5)
  A worm (D:5)
  A frilled lizard (D:5)
  A giant cockroach zombie (D:5)
  2 fungi (D:5)
  2 plants (D:5)
10 creatures vanquished.

Grand Total: 124 creatures vanquished

Notes
Turn   | Place    | Note
-------+----------+-------------------------------------------
     0 | D:1      | Tiagovsky the Minotaur Fighter began the quest for the Orb.
     0 | D:1      | Reached XP level 1. HP: 19/19 MP: 0/0
   156 | D:1      | Reached XP level 2. HP: 20/27 MP: 1/1
  1063 | D:2      | Reached XP level 3. HP: 25/33 MP: 2/2
  1511 | D:2      | Reached XP level 4. HP: 41/41 MP: 3/3
  2081 | D:3      | Noticed a sky beast
  2110 | D:3      | Killed a sky beast
  2110 | D:3      | Reached skill level 5 in Fighting
  2110 | D:3      | Reached skill level 5 in Shields
  2110 | D:3      | Reached XP level 5. HP: 17/48 MP: 4/4
  2494 | D:3      | Found a bloodstained altar of Trog.
  2494 | D:3      | Found a sparkling altar of Nemelex Xobeh.
  2911 | D:4      | Found an iron altar of Okawaru.
  2967 | D:4      | Reached XP level 6. HP: 50/56 MP: 5/5
  3004 | D:4      | Found a snail-covered altar of Cheibriados.
  3010 | D:4      | Reached skill level 5 in Maces & Flails
  3211 | D:4      | Found a bloodstained altar of Trog.
  3436 | D:5      | Entered Level 5 of the Dungeon
  3436 | D:5      | Found a runed translucent gate.
  3436 | D:5      | Found a runed translucent gate.
  3436 | D:5      | Found a runed translucent gate.
  3437 | D:5      | Identified the +9 short sword of the Nine Suns {chaos,
                  | rElec rF+}
  3442 | D:5      | Noticed namelastname112's ghost (novice DrWn)
  3458 | D:5      | Found a burning altar of Makhleb.
  3461 | D:5      | Noticed a cacodemon
  3466 | D:5      | Noticed a ynoxinul
  3466 | D:5      | Noticed a ynoxinul
  3489 | D:5      | Noticed a slave
  3503 | D:5      | Killed a slave
  3545 | D:5      | Reached XP level 7. HP: 54/63 MP: 6/6
  3681 | D:5      | Found Votaolucag's General Store.
  3688 | D:5      | Noticed Pikel
  3699 | D:5      | Killed Pikel
  3699 | D:5      | Reached XP level 8. HP: 73/73 MP: 7/7
  4238 | D:5      | Found a hide-covered altar of Uskayaw.
  4299 | D:5      | Reached skill level 1 in Dodging
  4607 | D:6      | Found a staircase to the Ecumenical Temple.
  4638 | Temple   | Entered the Ecumenical Temple
  5020 | Temple   | Became a worshipper of the Shining One
  5117 | D:6      | Reached skill level 5 in Armour
  5808 | D:6      | Reached XP level 9. HP: 45/82 MP: 8/8
  6202 | D:6      | Slain by an orc warrior

Skill      XL: |  1  2  3  4  5  6  7  8  9 |
---------------+----------------------------+-----
Fighting       | 4 5 6 7 8 |  8.6
Shields        | 4 5 6 7 8 |  8.5
Maces & Flails | 3 4 5 6 7 8 |  8.1
Dodging        | 3 |  3.5
Armour         | 5 |  5.5

Action                   |  1- 3 |  4- 6 |  7- 9 || total
-------------------------+-------+-------+-------++-------
Melee: Flail             |    71 |   100 |   168 ||   339
       Headbutt          |    13 |    17 |    31 ||    61
 Fire: Hunting sling     |     9 |     6 |     1 ||    16
  Use: Scroll            |     3 |     7 |     1 ||    11
  Eat: Chunk             |     1 |     4 |     8 ||    13
       Ration            |       |     1 |       ||     1
Armor: Scale mail        |    33 |    46 |    49 ||   128
Dodge: Dodged            |    19 |    24 |    69 ||   112
Block: Shield            |    33 |    41 |   111 ||   185
